Map: Ephemeron LE

Players

Has

  • Race: Protoss Protoss
  • Spawn Location: 11:00

SpeCial - Winner!

  • Race: Terran Terran
  • Spawn Location: 5:00

Event: IEM Katowice 2020

VOD

Have the link to the VOD?

Description

Time

  • Played on: Feb. 27, 2020, 8:46 a.m.
  • Length: 11:08

All games in this series

Show
View Real Time Build Order
Export as new Build Order

Has Protoss 

Build Orders: 1 Gate Expand, Blink Stalkers 

Get SALT Encoding   

  12  0:00  Probe  
  13  0:12  Probe  
  14  0:21  Pylon  
  14  0:25  Probe  
  15  0:39  Probe (Chrono Boost)  
  15  0:41  Gateway  
  16  0:48  Probe (Chrono Boost)  
  17  0:52  Assimilator  
  17  0:53  Probe (Chrono Boost)  
  18  1:05  Probe  
  19  1:18  Probe  
  20  1:23  Nexus  
  20  1:33  Cybernetics Core  
  20  1:36  Probe  
  21  1:41  Assimilator  
  21  1:48  Probe  
  21  1:53  Pylon  
  22  2:00  Probe  
  23  2:08  Adept (Chrono Boost)  
  23  2:11  Warp Gate  
  23  2:12  Probe  
  26  2:24  Probe  
  26  2:32  Twilight Council  
  26  2:35  Probe (Chrono Boost)  
  26  2:36  Sentry  
  30  2:41  Probe (Chrono Boost)  
  30  2:46  Probe (Chrono Boost)  
  30  2:50  Gateway  
  30  2:51  Probe x2 (Chrono Boost)  
  33  3:01  Probe x2  
  33  3:04  Stalker  
  37  3:09  Blink (Chrono Boost)  
  37  3:12  Gateway  
  37  3:17  Probe  
  37  3:19  Probe  
  39  3:29  Probe (Chrono Boost)  
  39  3:33  Pylon  
  41  3:36  Probe (Chrono Boost)  
  41  3:41  Probe (Chrono Boost)  
  42  3:45  Probe x2 (Chrono Boost), Robotics Facility  
  44  3:53  Pylon  
  44  3:55  Probe  
  45  3:57  Probe  
  46  4:07  Probe  
  47  4:12  Stalker x2  
  50  4:19  Probe  
  50  4:20  Forge  
  51  4:25  Probe  
  51  4:29  Nexus  
  52  4:31  Assimilator  
  52  4:32  Observer (Chrono Boost)  
  52  4:35  Stalker  
  55  4:39  Stalker  
  55  4:45  Probe x2, Pylon  
  59  4:49  Observer  
  60  4:57  Probe  
  60  5:00  Probe  
  60  5:02  Protoss Ground Weapons Level 1 (Chrono Boost)  
  60  5:10  Probe  
  60  5:12  Probe  
  60  5:13  Warp Prism  
  64  5:21  Pylon  
  64  5:22  Probe  
  64  5:25  Gateway  
  64  5:27  Gateway  
  65  5:32  Charge  
  65  5:33  Probe  
  65  5:35  Probe  
  67  5:40  Observer, Stalker  
  67  5:42  Stalker  
  71  5:43  Probe  
  71  5:48  Gateway  
  72  5:50  Probe  
  72  5:53  Probe  
  72  5:56  Probe  
  74  6:02  Observer  
  74  6:03  Probe  
  76  6:06  Gateway  
  76  6:08  Gateway  
  77  6:13  Gateway  
  73  6:18  Stalker x2  
  73  6:19  Stalker  
  73  6:21  Pylon  
  73  6:23  Probe (Chrono Boost)  
  73  6:24  Observer  
  82  6:25  Probe (Chrono Boost)  
  82  6:26  Probe (Chrono Boost)  
  82  6:30  Pylon  
  82  6:35  Probe (Chrono Boost)  
  82  6:37  Probe x2 (Chrono Boost)  
  85  6:41  Probe (Chrono Boost)  
  85  6:44  Probe (Chrono Boost)  
  85  6:53  Stalker  
  85  6:54  Stalker x5  
  85  6:57  Protoss Ground Weapons Level 2 (Chrono Boost)  
  95  7:03  Probe x2  
  97  7:13  Pylon  
  97  7:15  Pylon  
  97  7:17  Pylon  
  97  7:20  Pylon, Zealot  
  97  7:21  Zealot x5  
  109  7:34  Probe x3  
  109  7:36  Assimilator  
  112  7:40  Assimilator  
  112  7:44  Templar Archives  
  112  7:50  Zealot x9  
  130  7:52  Pylon  
  130  7:55  Pylon  
  130  8:02  Pylon  
  130  8:07  Nexus  
  111  8:36  Zealot  
  111  8:37  Zealot x8  
  119  8:59  Zealot  
  119  9:00  Zealot  
  119  9:01  Zealot x7  
  75  9:19  Zealot  
  75  9:20  Zealot x4  
  75  9:21  Pylon  
  75  9:23  Stalker x3  
  85  9:24  Stalker  
  72  9:40  Stalker x4  
  72  9:41  Stalker  
  80  9:46  Zealot  
  80  9:47  Zealot x2  
  76  9:58  Templar Archives  
  76  10:06  Zealot x3  
  76  10:07  Zealot  
  67  10:32  Nexus  
  67  10:33  Pylon  
  67  10:35  High Templar x2  
Show
View Real Time Build Order
Export as new Build Order

SpeCial Terran - Winner!

Build Orders: Reaper Expand 

Get SALT Encoding   

  12  0:00  SCV  
  13  0:12  SCV  
  14  0:17  Supply Depot  
  14  0:25  SCV  
  15  0:38  SCV  
  15  0:42  Refinery  
  16  0:46  Barracks  
  16  0:50  SCV  
  17  1:02  SCV  
  18  1:15  SCV  
  19  1:33  Reaper, Orbital Command  
  20  1:40  Command Center  
  20  1:57  Supply Depot  
  20  1:59  SCV  
  21  2:04  Marine  
  21  2:08  Factory  
  22  2:11  SCV  
  23  2:19  Refinery  
  23  2:27  SCV, Bunker  
  23  2:28  Barracks Reactor  
  24  2:39  SCV  
  25  2:51  SCV  
  26  2:53  Starport  
  26  2:55  Orbital Command  
  26  3:05  SCV  
  27  3:07  Hellion  
  27  3:10  Hellion  
  27  3:12  Marine  
  32  3:18  SCV  
  33  3:21  SCV  
  34  3:30  SCV  
  34  3:32  Widow Mine x2  
  34  3:33  SCV  
  40  3:35  Medivac, Barracks Tech Lab  
  40  3:40  Supply Depot  
  42  3:42  SCV  
  42  3:46  SCV  
  44  3:54  SCV  
  46  3:55  Widow Mine  
  46  4:01  SCV  
  46  4:02  Widow Mine  
  49  4:06  SCV  
  49  4:07  Starport Tech Lab  
  48  4:14  SCV  
  47  4:18  SCV  
  47  4:21  Command Center  
  48  4:24  Supply Depot  
  48  4:26  SCV  
  48  4:27  Raven  
  48  4:30  Marine x2, SCV  
  54  4:45  SCV x2, Barracks, Siege Tank  
  54  4:48  Supply Depot  
  54  4:50  Marine  
  54  4:51  Marine  
  61  4:57  SCV  
  58  5:01  SCV  
  58  5:07  Barracks  
  55  5:08  Marine  
  55  5:09  Marine  
  55  5:10  SCV, Supply Depot  
  55  5:13  SCV  
  59  5:18  Barracks, Refinery x2  
  59  5:21  Barracks, Siege Tank  
  62  5:22  SCV  
  62  5:26  Marine x2  
  62  5:28  SCV  
  66  5:33  Orbital Command  
  66  5:34  SCV  
  67  5:39  Engineering Bay  
  67  5:40  Stimpack, Marauder  
  69  5:43  SCV  
  69  5:46  Marine x2, SCV  
  69  5:47  Starport Reactor  
  73  5:55  SCV  
  74  6:02  SCV  
  74  6:04  Marine x2  
  76  6:07  Barracks Tech Lab  
  76  6:08  Factory Reactor, Supply Depot  
  76  6:11  Terran Infantry Weapons Level 1  
  77  6:13  Marauder x2  
  77  6:14  Combat Shield  
  77  6:16  Barracks Reactor  
  81  6:21  Marine x2  
  81  6:23  Supply Depot, Missile Turret  
  83  6:29  Medivac  
  83  6:31  Marauder  
  87  6:33  SCV x2  
  87  6:39  Marine x2, Medivac  
  93  6:40  Orbital Command  
  93  6:43  Marine x2  
  93  6:53  Marauder  
  93  6:54  SCV x2  
  93  6:58  Widow Mine x2  
  93  7:01  Supply Depot, Marauder  
  100  7:02  Medivac, Supply Depot  
  100  7:03  Missile Turret  
  100  7:05  Marine x3  
  100  7:06  Marauder  
  100  7:07  Concussive Shells  
  107  7:14  Marauder  
  109  7:16  Supply Depot  
  115  7:23  Widow Mine x2, Marauder  
  114  7:31  Marine x3  
  114  7:32  Marine  
  114  7:33  Marauder  
  114  7:35  Marauder  
  122  7:38  Medivac  
  122  7:44  Medivac, Widow Mine x2, Marauder  
  132  7:51  Marine  
  131  7:52  Marine  
  131  7:58  Supply Depot  
  132  8:00  Supply Depot  
  132  8:08  Marine  
  132  8:09  Supply Depot  
  133  8:19  Marine x2, Widow Mine, Marauder x2  
  141  8:22  Marine, Widow Mine, Marauder  
  141  8:26  Marine  
  140  8:37  Marine x2  
  140  8:39  Marine  
  140  8:41  Widow Mine, Marauder x2  
  148  8:44  Marine, Widow Mine, Marauder  
  138  8:58  Marine  
  138  9:02  Widow Mine, Marauder x2  
  139  9:05  Widow Mine  
  122  9:15  Marine  
  122  9:16  Marauder  
  114  9:17  Marine  
  114  9:23  Marine, Medivac  
  114  9:24  Marauder  
  112  9:35  Marine  
  87  9:56  Marine  
  87  9:57  Marine  
  81  10:00  Marine  
  81  10:04  Marine  
  68  10:29  Widow Mine x2  

Tags
 
Add a new tag
Caveats
  • Supply blocks, unpowered buildings, or Contaminate may cause inaccurate times.
  • Supply counts are checked every 10 seconds.